[Event "41st Amateur D7"]
[Site "ChessGUI4"]
[Date "2013.07.08"]
[Round "22.4"]
[White "Shallow 1.0 64-bit"]
[Black "Waxman 2011"]
[Result "1/2-1/2"]
[BlackElo "2256"]
[ECO "D76"]
[EventDate "2013.??.??"]
[TimeControl "40/1500:40/1500:40/1500"]
[WhiteElo "2200"]

{ i5 Quad } 1.d4 Nf6 2.c4 g6 3.g3 Bg7 4.Bg2 d5 5.cxd5 Nxd5 6.Nf3 Nb6 7.Nc3 Nc6 8.e3 O-O 9.O-O Bg4 { [%eval 11,11] [%emt 0:00:36] (Bg4) } 10.h3
{ [%eval -5,14] [%emt 0:00:42] (h3) } 10...Be6
{ [%eval 1, 12] [%emt 0:00:45] (Be6) } 11.Ng5
{ [%eval -3,13] [%emt 0:00:42] (Ng5) } 11...Bd7
{ [%eval -1,12] [%emt 0:00:50] (Bc4) } 12.Nge4
{ [%eval -2,13] [%emt 0:00:42] (Bd2) } 12...Qc8
{ [%eval -5,12] [%emt 0:00:41] (Qc8) } 13.Kh2
{ [%eval 3,13] [%emt 0: 00:42] (Kh2) } 13...Rd8
{ [%eval -6,12] [%emt 0:01:01] (a6) } 14.Nc5
{ [%eval 10,13] [%emt 0:00:42] (Nc5) } 14...Be6
{ [%eval -24,12] [%emt 0:01:14] (a6) } 15.Bxc6
{ [%eval 13,14] [%emt 0:00:42] (Re1) } 15...bxc6
{ [%eval -3,12] [%emt 0:00:44] (bxc6) } 16.Nxe6
{ [%eval 9,14] [%emt 0:00:42] (Rg1) } 16...Qxe6
{ [%eval 18,13] [%emt 0:01:00] (Qxe6) } 17.Qc2
{ [%eval 3,13] [%emt 0:00:42] (Qb3) } 17...c5
{ [%eval 30,13] [%emt 0: 00:36] (Qc4) } 18.dxc5
{ [%eval -6,14] [%emt 0:00:42] (dxc5) } 18...Qc4
{ [%eval 33,13] [%emt 0:00:59] (Qc4) } 19.Bd2
{ [%eval -8,13] [%emt 0:00:42] (Bd2) } 19...Nd7
{ [%eval 28,12] [%emt 0:00:55] (Qxc5) } 20.Rad1
{ [%eval -8,12] [%emt 0:00:42] (Rac1) } 20...Nxc5
{ [%eval 42,12] [%emt 0:00:35] (Nxc5) } 21.Kg1
{ [%eval -18,11] [%emt 0:00:42] (b3) } 21...Rab8
{ [%eval 75,11] [%emt 0:00:43] (Rd3) } 22.Bc1
{ [%eval -22,12] [%emt 0:00:42] (Bc1) } 22...Nd3
{ [%eval 57,12] [%emt 0:00:51] (Rd6) } 23.Qa4
{ [%eval -17,13] [%emt 0:00:42] (Rd2) } 23...Qc5
{ [%eval 56,12] [%emt 0:01:22] (Qxa4) } 24.Qc2
{ [%eval -15,14] [%emt 0:01:08] (Rd2) } 24...Bxc3
{ [%eval 58,12] [%emt 0:00:40] (Qc4) } 25.Qxc3
{ [%eval -14,15] [%emt 0:00:41] (bxc3) } 25...Qxc3
{ [%eval 43,12] [%emt 0:00:16] (Qxc3) } 26.bxc3
{ [%eval -9,14] [%emt 0:00:41] (bxc3) } 26...c5
{ [%eval 33,14] [%emt 0:00:31] (Nxc1) } 27.Ba3
{ [%eval -5,14] [%emt 0:00:41] (Rd2) } 27...Rb5
{ [%eval 44,16] [%emt 0:00:47] (f5) } 28.Ra1
{ [%eval -77,15] [%emt 0:00:41] (Rd2) } 28...Ra5
{ [%eval 59,14] [%emt 0:00:39] (Ra5) } 29.Bc1
{ [%eval -79,15] [%emt 0:00:41] (Bc1) } 29...Ra4
{ [%eval 69,14] [%emt 0:00:31] (Rd6) } 30.Kg2
{ [%eval -72,14] [%emt 0:00:41] (Kg2) } 30...Rc4
{ [%eval 85,15] [%emt 0:00:46] (Rd6) } 31.Bd2
{ [%eval -75,14] [%emt 0:00:41] (Bd2) } 31...Nb2
{ [%eval 77,14] [%emt 0:00:37] (e6) } 32.Be1
{ [%eval -74,14] [%emt 0:00:41] (Be1) } 32...Ra4
{ [%eval 89,14] [%emt 0:01:00] (Nd3) } 33.Kf3
{ [%eval -65,14] [%emt 0:00:41] (f3) } 33...Nc4
{ [%eval 109,14] [%emt 0:00:44] (Rd6) } 34.Ke2
{ [%eval -65,13] [%emt 0:00:41] (Ke2) } 34...Rb8
{ [%eval 107,14] [%emt 0:00:41] (Rb8) } 35.e4
{ [%eval -68,13] [%emt 0:00:41] (Kd3) } 35...Rb2+
{ [%eval 114,14] [%emt 0:00:44] (Rb2) } 36.Kd3
{ [%eval -70, 13] [%emt 0:00:41] (Kd3) } 36...e5
{ [%eval 103,14] [%emt 0:00:49] (Na3) } 37.f3
{ [%eval -81,13] [%emt 0:00:41] (f3) } 37...Na3
{ [%eval 128,14] [%emt 0:00:32] (Na3) } 38.c4
{ [%eval -88,14] [%emt 0:00:41] (c4) } 38...Ra6
{ [%eval 133,14] [%emt 0:00:27] (f6) } 39.Kc3
{ [%eval -89,13] [%emt 0:00:41] (Rc1) } 39...Rb4
{ [%eval 150,14] [%emt 0:00:26] (Rb4) } 40.Rf2
{ [%eval -96,13] [%emt 0:00:41] (Rf2) } 40...Rd6
{ [%eval 156, 13] [%emt 0:00:17] (f6) } 41.h4
{ [%eval -98,13] [%emt 0:01:18] (Bd2) } 41...Rd4
{ [%eval 165,13] [%emt 0:00:54] (f6) } 42.g4
{ [%eval -98,12] [%emt 0:00:36] (g4) } 42...Rb6
{ [%eval 152,12] [%emt 0:00:36] (f6) } 43.h5
{ [%eval -163,13] [%emt 0:01:16] (h5) } 43...Kf8
{ [%eval 141,14] [%emt 0:00:41] (f6) } 44.hxg6
{ [%eval -98,13] [%emt 0:00:35] (hxg6) } 44...fxg6
{ [%eval 147,14] [%emt 0:00:41] (hxg6) } 45.Bd2
{ [%eval -97,13] [%emt 0:00:35] (Bd2) } 45...Rxc4+
{ [%eval 130,14] [%emt 0:00:41] (Rbd6) } 46.Kd3
{ [%eval -68,1] [%emt 0:00:00] (Kd3) } 46...Rd4+ 47.Ke2
{ [%eval -96,14] [%emt 0:00:36] (Ke2) } 47...Rb2
{ [%eval 85,14] [%emt 0:00:44] (Rb2) } 48.Ke1
{ [%eval -95,14] [%emt 0:00:36] (Ke1) } 48...Nc2+
{ [%eval 75,14] [%emt 0:00:40] (Nc2) } 49.Kf1
{ [%eval -94,13] [%emt 0:00:36] (Kf1) } 49...Kf7
{ [%eval 80, 14] [%emt 0:00:41] (Kf7) } 50.Bh6
{ [%eval -92,13] [%emt 0:00:36] (Rc1) } 50...Ra4
{ [%eval 84,14] [%emt 0:00:36] (Ra4) } 51.a3
{ [%eval -112,13] [%emt 0:00:36] (a3) } 51...Rxa3
{ [%eval 61,14] [%emt 0:00:29] (Rxa3) } 52.Rxa3
{ [%eval -90,15] [%emt 0: 00:36] (Rxa3) } 52...Rb1+
{ [%eval 74,16] [%emt 0:00:23] (Rb1) } 53.Kg2
{ [%eval -92, 15] [%emt 0:00:36] (Kg2) } 53...Nxa3
{ [%eval 82,15] [%emt 0:00:11] (Nxa3) } 54.Rd2
{ [%eval -88,14] [%emt 0:00:36] (Rd2) } 54...Ke6
{ [%eval 66,15] [%emt 0:00:49] (Rb7) } 55.Rd8
{ [%eval -85,13] [%emt 0:00:36] (Rd8) } 55...c4
{ [%eval 80,16] [%emt 0:00:33] (Rb2) } 56.Re8+
{ [%eval -91,12] [%emt 0:00:36] (Re8) } 56...Kd7
{ [%eval 93,16] [%emt 0:00:28] (Kd7) } 57.Rh8
{ [%eval -107,13] [%emt 0:00:36] (Rh8) } 57...c3
{ [%eval 87, 16] [%emt 0:00:31] (c3) } 58.Rxh7+
{ [%eval -109,13] [%emt 0:00:36] (Rxh7) } 58...Kc6
{ [%eval 93,16] [%emt 0:00:27] (Kc6) } 59.Rxa7
{ [%eval -109,14] [%emt 0:00:36] (Rxa7) } 59...Nc4
{ [%eval 88,17] [%emt 0:00:40] (Nc4) } 60.Rg7
{ [%eval -107,14] [%emt 0:00:36] (Rg7) } 60...c2
{ [%eval 88,17] [%emt 0:00:33] (c2) } 61.Rxg6+
{ [%eval -109,14] [%emt 0:00:36] (Rxg6) } 61...Kb5
{ [%eval 63,16] [%emt 0:01:18] (Kc5) } 62.Kf2
{ [%eval -108,13] [%emt 0:00:36] (Bg5) } 62...Nb2
{ [%eval 104,16] [%emt 0:00: 29] (c1=R) } 63.Rd6
{ [%eval -104,13] [%emt 0:00:36] (Kg3) } 63...Rd1
{ [%eval 104,16] [%emt 0:00:31] (Rd1) } 64.Rd5+
{ [%eval -216,14] [%emt 0:00:58] (Re6) } 64...Kc4
{ [%eval 200,16] [%emt 0:00:20] (Kc4) } 65.Kg3
{ [%eval -219,15] [%emt 0:00:35] (Kg3) } 65...Nd3
{ [%eval 200,17] [%emt 0:00:38] (Rxd5) } 66.Rd6
{ [%eval -197,14] [%emt 0:00:35] (Rd8) } 66...Nf4
{ [%eval 194,16] [%emt 0:00:36] (Nf4) } 67.Rc6+
{ [%eval -230,16] [%emt 0:00:35] (Rc6) } 67...Kd3
{ [%eval 258,17] [%emt 0:00:26] (Kd3) } 68.Rxc2
{ [%eval -241,17] [%emt 0:00:35] (Rxc2) } 68...Kxc2
{ [%eval 194,18] [%emt 0: 00:30] (Kxc2) } 69.Bxf4
{ [%eval -232,16] [%emt 0:00:35] (Bxf4) } 69...exf4+
{ [%eval 195,17] [%emt 0:00:10] (exf4) } 70.Kxf4
{ [%eval -225,16] [%emt 0:00:35] (Kxf4) } 70...Kd3
{ [%eval 21,17] [%emt 0:00:46] (Kd3) } 71.g5
{ [%eval -171,16] [%emt 0:00:35] (g5) } 71...Rg1
{ [%eval 18,18] [%emt 0:00:33] (Rg1) } 72.e5
{ [%eval -120,15] [%emt 0: 00:35] (Kf5) } 72...Kd4
{ [%eval 0,18] [%emt 0:00:40] (Kd4) } 73.Kf5
{ [%eval 0,17] [%emt 0:00:35] (Kf5) } 73...Rf1
{ [%eval 0,18] [%emt 0:00:36] (Rf1) } 74.f4
{ [%eval 0, 18] [%emt 0:00:35] (f4) } 74...Ke3
{ [%eval 0,18] [%emt 0:00:42] (Ke3) } 75.g6
{ [%eval 0,17] [%emt 0:00:35] (e6) } 75...Rxf4+
{ [%eval 0,18] [%emt 0:01:00] (Rxf4) } 1/2-1/2

[Event "41st Amateur D7"]
[Site "ChessGUI4"]
[Date "2013.07.08"]
[Round "22.5"]
[White "MadChess 1.2"]
[Black "ProChess 1.02AD"]
[Result "0-1"]
[BlackElo "2244"]
[ECO "C45"]
[EventDate "2013.??.??"]
[TimeControl "40/1500:40/1500:40/1500"]
[WhiteElo "2200"]

{ i5 Quad } 1.e4 e5 2.Nf3 Nc6 3.d4 exd4 4.Nxd4 Nf6 5.Nxc6 bxc6 6.e5 Qe7 7.Qe2 Nd5 8.c4 Ba6 9.Bd2 Nb6 { [%eval 14,12] [%emt 0:00:45] (Nb6) } 10.b3
{ [%eval -9,12] [%emt 0:00:34] (b3) } 10...g5
{ [%eval 8,12] [%emt 0:00:48] (g6) } 11.h4
{ [%eval 32,11] [%emt 0:00:32] (Nc3) } 11...gxh4
{ [%eval 37,12] [%emt 0:00:56] (gxh4) } 12.Nc3
{ [%eval 54,11] [%emt 0:00:47] (f4) } 12...Bg7
{ [%eval 58,11] [%emt 0:01:12] (Bg7) } 13.f4
{ [%eval 56,11] [%emt 0:00:26] (O-O-O) } 13...f6
{ [%eval 50,11] [%emt 0:01:02] (h5) } 14.exf6
{ [%eval 49,11] [%emt 0:00:21] (Qh5) } 14...Bxf6
{ [%eval 62,12] [%emt 0:01:43] (Bxf6) } 15.Qxe7+
{ [%eval 37,12] [%emt 0:01:13] (Rc1) } 15...Bxe7
{ [%eval 62,12] [%emt 0:01: 31] (Bxe7) } 16.O-O-O
{ [%eval 43,12] [%emt 0:01:08] (O-O-O) } 16...d5
{ [%eval 75,11] [%emt 0:01:04] (O-O) } 17.Be1
{ [%eval 45,12] [%emt 0:00:37] (a4) } 17...dxc4
{ [%eval 82,12] [%emt 0:00:46] (Ba3) } 18.Bxh4
{ [%eval 46,12] [%emt 0:00:44] (Bxh4) } 18...Ba3+
{ [%eval 78,11] [%emt 0:00:45] (Ba3) } 19.Kb1
{ [%eval 47,13] [%emt 0:00:32] (Kc2) } 19...O-O
{ [%eval 82,11] [%emt 0:00:25] (O-O) } 20.Bg5
{ [%eval 50,12] [%emt 0:00:25] (Bg5) } 20...Rae8
{ [%eval 85,11] [%emt 0:00:32] (Rae8) } 21.Rh3
{ [%eval 40,11] [%emt 0:00:19] (Rh3) } 21...Bd6
{ [%eval 87,11] [%emt 0:00:23] (Bb4) } 22.Bh6
{ [%eval 16,10] [%emt 0:00:25] (Rf3) } 22...Rf6
{ [%eval 89,11] [%emt 0:00:20] (Bxf4) } 23.Bg5
{ [%eval 0,12] [%emt 0:00:38] (bxc4) } 23...Rg6
{ [%eval 93,11] [%emt 0:00:33] (Rff8) } 24.Rh5
{ [%eval 0,10] [%emt 0:00:37] (bxc4) } 24...Bc8
{ [%eval 164, 11] [%emt 0:00:20] (Bb4) } 25.Rh1
{ [%eval -70,10] [%emt 0:00:45] (Rh1) } 25...Bb4
{ [%eval 140,11] [%emt 0:00:40] (Kg7) } 26.Kb2
{ [%eval -62,11] [%emt 0:00:27] (Kb2) } 26...Re3
{ [%eval 145,11] [%emt 0:00:19] (Bxc3) } 27.Rd8+
{ [%eval -116,12] [%emt 0:00:52] (Rc1) } 27...Kg7
{ [%eval 225,12] [%emt 0:00:19] (Kg7) } 28.Nd1
{ [%eval -124,12] [%emt 0:00:23] (Nd1) } 28...c3+
{ [%eval 225,12] [%emt 0:00:15] (c3) } 29.Kc1
{ [%eval -194,14] [%emt 0:00:49] (Kc1) } 29...Ba3+
{ [%eval 248,13] [%emt 0:00: 16] (Ba3) } 30.Kc2
{ [%eval -225,15] [%emt 0:00:30] (Kc2) } 30...Bf5+
{ [%eval 316,14] [%emt 0:00:20] (Bf5) } 31.Bd3
{ [%eval -235,15] [%emt 0:00:56] (Bd3) } 31...Rxd3
{ [%eval 328,14] [%emt 0:00:38] (Rxd3) } 32.Rxd3
{ [%eval -265,14] [%emt 0:00:28] (Rxd3) } 32...Nd5
{ [%eval 329,13] [%emt 0:00:37] (Nd5) } 33.Nxc3
{ [%eval -260,13] [%emt 0:00:21] (g4) } 33...Nb4+
{ [%eval 385,13] [%emt 0:00:15] (Nb4) } 34.Kd2
{ [%eval -349,14] [%emt 0:00:52] (Kd2) } 34...Bxd3
{ [%eval 394,12] [%emt 0:00:20] (Bxd3) } 35.g4
{ [%eval -325,13] [%emt 0:00:24] (Rg1) } 35...Rd6
{ [%eval 421,12] [%emt 0:00:27] (h6) } 36.Ke3
{ [%eval -349,14] [%emt 0:01:04] (Ke3) } 36...Bb2
{ [%eval 425,11] [%emt 0:00:11] (Bb2) } 37.Nd1
{ [%eval -362,14] [%emt 0:00:50] (Nd1) } 37...Re6+
{ [%eval 424,11] [%emt 0:00:11] (Re6) } 38.Kf2
{ [%eval -405,17] [%emt 0:03:04] (Kf2) } 38...Bd4+
{ [%eval 422,12] [%emt 0:00:27] (h6) } 39.Kg3
{ [%eval -412,14] [%emt 0:00:51] (Kg3) } 39...Re2
{ [%eval 435,11] [%emt 0:00:13] (Re2) } 40.a3
{ [%eval -432,13] [%emt 0:00:45] (a3) } 40...Nd5
{ [%eval 505,12] [%emt 0:00:15] (Nd5) } 41.Bh6+
{ [%eval -493,14] [%emt 0:01:24] (Kf3) } 41...Kf7
{ [%eval 616,16] [%emt 0:01:06] (Kg8) } 42.Bg5
{ [%eval -473,14] [%emt 0:01:09] (Bg5) } 42...Be4
{ [%eval 701,16] [%emt 0:03:27] (Kg8) } 43.Rf1
{ [%eval -520,15] [%emt 0:01:03] (Rf1) } 43...Rg2+
{ [%eval 703,16] [%emt 0:02:03] (Rg2) } 44.Kh3
{ [%eval -648,16] [%emt 0:02:20] (Kh3) } 44...Rd2
{ [%eval 713,15] [%emt 0:00:45] (Rd2) } 45.Kg3
{ [%eval -638,15] [%emt 0:01:37] (Kg3) } 45...h6
{ [%eval 758,15] [%emt 0:02:19] (Rd3) } 46.Bxh6
{ [%eval -591,14] [%emt 0:00:41] (Bxh6) } 0-1

[Event "41st Amateur D7"]
[Site "ChessGUI4"]
[Date "2013.07.08"]
[Round "23.1"]
[White "FireFly 2.6.0 64-bit"]
[Black "Carballo 0.8"]
[Result "1/2-1/2"]
[BlackElo "2273"]
[ECO "D45"]
[EventDate "2013.??.??"]
[TimeControl "40/1500:40/1500:40/1500"]
[WhiteElo "2258"]

{ i5 Quad } 1.d4 d5 2.c4 c6 3.Nc3 Nf6 4.Nf3 a6 5.e3 e6 6.c5 Nbd7 7.Bd3 b6 8.cxb6 Qxb6 9.O-O Bd6
{ [%eval -29,13] [%emt 0:00:37] (c5) } 10.e4
{ [%eval 109,11] [%emt 0:00:56] (e4) } 10...dxe4
{ [%eval -28,13] [%emt 0:00:36] (dxe4) } 11.Nxe4
{ [%eval 85,11] [%emt 0:00:55] (Nxe4) } 11...Nxe4
{ [%eval -28,14] [%emt 0:00:35] (Nxe4) } 12.Bxe4
{ [%eval 78,11] [%emt 0:00: 46] (Bxe4) } 12...f5
{ [%eval -28,13] [%emt 0:00:34] (Nf6) } 13.Bc2
{ [%eval 102,11] [%emt 0:00:45] (Bd3) } 13...O-O
{ [%eval -28,13] [%emt 0:00:33] (O-O) } 14.Bb3
{ [%eval 92,11] [%emt 0:00:45] (Re1) } 14...Nf6
{ [%eval -27,13] [%emt 0:00:32] (Nf6) } 15.Re1
{ [%eval 88,11] [%emt 0:00:45] (Re1) } 15...Nd5
{ [%eval -44,12] [%emt 0:00:32] (Nd5) } 16.Ne5
{ [%eval 92,11] [%emt 0:00:44] (Bd2) } 16...Bxe5
{ [%eval -4,12] [%emt 0:00:31] (Bxe5) } 17.dxe5
{ [%eval 84,11] [%emt 0:00:44] (Rxe5) } 17...Rd8
{ [%eval 13, 13] [%emt 0:00:30] (a5) } 18.Bg5
{ [%eval 114,12] [%emt 0:00:43] (Qc2) } 18...Rd7
{ [%eval 9,13] [%emt 0:00:29] (Re8) } 19.Rc1
{ [%eval 145,11] [%emt 0:00:43] (Rc1) } 19...a5
{ [%eval 4,12] [%emt 0:00:29] (a5) } 20.Qc2
{ [%eval 136,12] [%emt 0:00:43] (Qc2) } 20...Bb7
{ [%eval -3,13] [%emt 0:00:28] (Bb7) } 21.Be3
{ [%eval 138,12] [%emt 0:00:42] (Be3) } 21...Qb4
{ [%eval -1,13] [%emt 0:00:27] (Qc7) } 22.Bc5
{ [%eval 148, 12] [%emt 0:00:42] (a3) } 22...Qg4
{ [%eval 5,12] [%emt 0:00:26] (Qg4) } 23.Rcd1
{ [%eval 157,11] [%emt 0:00:41] (Bxd5) } 23...Ba6
{ [%eval 6,11] [%emt 0:00:26] (a4) } 24.Rd4
{ [%eval 185,11] [%emt 0:00:41] (Rd4) } 24...Qg6
{ [%eval -10,13] [%emt 0:00: 25] (Qg5) } 25.Bd6
{ [%eval 180,11] [%emt 0:00:41] (Qd2) } 25...Bb7
{ [%eval -18,12] [%emt 0:00:24] (Bb7) } 26.Qc5
{ [%eval 173,11] [%emt 0:00:40] (Rd3) } 26...h6
{ [%eval -24,12] [%emt 0:00:24] (Qg5) } 27.Ra4
{ [%eval 214,11] [%emt 0:00:40] (Ba4) } 27...Qg5
{ [%eval -41,11] [%emt 0:00:23] (Rdd8) } 28.Rxa5
{ [%eval 211,12] [%emt 0:00:39] (Rxa5) } 28...Rdd8
{ [%eval -63,12] [%emt 0:00:23] (Rxa5) } 29.Rxa8
{ [%eval 253,12] [%emt 0:00:39] (Ra7) } 29...Rxa8
{ [%eval -74,13] [%emt 0:00:22] (Rxa8) } 30.Rd1
{ [%eval 250,11] [%emt 0:00:30] (Rd1) } 30...h5
{ [%eval -78,12] [%emt 0:00: 21] (Nf4) } 31.Bxd5
{ [%eval 249,11] [%emt 0:00:30] (a4) } 31...cxd5
{ [%eval -61,12] [%emt 0:00:21] (cxd5) } 32.Qb6
{ [%eval 215,12] [%emt 0:00:30] (Qb6) } 32...Qg4
{ [%eval -81,12] [%emt 0:00:20] (Rc8) } 33.Re1
{ [%eval 238,11] [%emt 0:00:30] (Re1) } 33...Bc8
{ [%eval -91,13] [%emt 0:00:20] (Bc8) } 34.Qd8+
{ [%eval 214,11] [%emt 0:00:30] (b3) } 34...Kh7
{ [%eval -81,12] [%emt 0:00:19] (Kh7) } 35.Rc1
{ [%eval 153,12] [%emt 0:00:30] (a3) } 35...d4
{ [%eval 2,12] [%emt 0:00:19] (Bb7) } 36.h3
{ [%eval 64,12] [%emt 0:00:37] (h3) } 36...Qxg2+
{ [%eval 39,15] [%emt 0:00:18] (Qxg2) } 37.Kxg2
{ [%eval 64,12] [%emt 0:00:00] (Kxg2) } 37...Bb7+
{ [%eval 28,15] [%emt 0:00:18] (Bb7) } 38.Kg3
{ [%eval 14,12] [%emt 0:00:33] (Kg3) } 38...Rxd8
{ [%eval 45,15] [%emt 0:00:17] (Rxd8) } 39.Rd1
{ [%eval 28,12] [%emt 0:00:33] (Rd1) } 39...Rc8
{ [%eval 44,14] [%emt 0:00:17] (g5) } 40.h4
{ [%eval -73,13] [%emt 0: 00:33] (Rxd4) } 40...Rc4
{ [%eval 63,14] [%emt 0:00:17] (Rc4) } 41.f3
{ [%eval -83,13] [%emt 0:00:36] (f3) } 41...d3
{ [%eval 84,16] [%emt 0:00:54] (Kh6) } 42.Rxd3
{ [%eval -123,14] [%emt 0:00:36] (Rxd3) } 42...f4+
{ [%eval 81,18] [%emt 0:00:52] (f4) } 43.Kg2
{ [%eval -164,14] [%emt 0:00:36] (Kf2) } 43...Rc2+
{ [%eval 87,19] [%emt 0:00:51] (Rc2) } 44.Kg1
{ [%eval -142,14] [%emt 0:00:36] (Kg1) } 44...Rxb2
{ [%eval 89,19] [%emt 0: 00:50] (g5) } 45.Rd4
{ [%eval -137,15] [%emt 0:00:36] (Rd4) } 45...Bxf3
{ [%eval 87,19] [%emt 0:00:48] (Bxf3) } 46.Rxf4
{ [%eval -71,15] [%emt 0:00:36] (Rxf4) } 46...Rg2+
{ [%eval 90,18] [%emt 0:00:47] (Rg2) } 47.Kf1
{ [%eval -52,14] [%emt 0:00:36] (Kf1) } 47...Bc6
{ [%eval 86,18] [%emt 0:00:46] (Bc6) } 48.a3
{ [%eval -50,15] [%emt 0: 00:36] (a3) } 48...Kg6
{ [%eval 84,17] [%emt 0:00:45] (Kg6) } 49.Ke1
{ [%eval -50,14] [%emt 0:00:36] (Ke1) } 49...Rh2
{ [%eval 75,17] [%emt 0:00:44] (Rc2) } 50.Bc5
{ [%eval -50,14] [%emt 0:00:36] (Bf8) } 50...Rc2
{ [%eval 82,18] [%emt 0:00:43] (Rc2) } 51.Bd6
{ [%eval -50,14] [%emt 0:00:36] (Bd6) } 51...Rh2
{ [%eval 78,17] [%emt 0:00:42] (Bb7) } 52.Bc5
{ [%eval 0,17] [%emt 0:00:36] (Bc5) } 52...Rc2
{ [%eval 73,16] [%emt 0: 00:40] (Bb7) } 53.Bd6
{ [%eval 0,17] [%emt 0:00:36] (Bd6) } 53...Rg2
{ [%eval 76,18] [%emt 0:00:39] (Bb7) } 54.Bb4
{ [%eval -46,13] [%emt 0:00:36] (Bc5) } 54...Bb5
{ [%eval 85,18] [%emt 0:00:38] (Bb7) } 55.Bd6
{ [%eval -49,14] [%emt 0:00:36] (Bd6) } 55...Re2+
{ [%eval 81,16] [%emt 0:00:37] (Re2) } 56.Kd1
{ [%eval -50,14] [%emt 0:00:36] (Kd1) } 56...Ra2
{ [%eval 73,17] [%emt 0:00:37] (Ra2) } 57.Ke1
{ [%eval -49, 14] [%emt 0:00:36] (Ke1) } 57...Bc6
{ [%eval 77,17] [%emt 0:00:36] (Rg2) } 58.Bf8
{ [%eval -32,13] [%emt 0:00:36] (Rc4) } 58...Bd5
{ [%eval 68,16] [%emt 0:00:35] (Rb2) } 59.Rf2
{ [%eval -17,15] [%emt 0:00:36] (Bd6) } 59...Ra1+
{ [%eval 80,19] [%emt 0:00: 34] (Rxf2) } 60.Kd2
{ [%eval -1,13] [%emt 0:00:36] (Ke2) } 60...Rg1
{ [%eval 68,19] [%emt 0:00:33] (Rg1) } 61.Rf4
{ [%eval 0,13] [%emt 0:00:36] (Rf4) } 61...Rg2+
{ [%eval 73,20] [%emt 0:00:32] (Rg3) } 62.Kd3
{ [%eval 0,14] [%emt 0:00:36] (Ke3) } 62...Rg3+
{ [%eval 70,18] [%emt 0:00:31] (Rg4) } 63.Kd4
{ [%eval 0,14] [%emt 0:00:36] (Kd2) } 63...Rg4
{ [%eval 78,21] [%emt 0:00:30] (Rg4) } 64.Ke3
{ [%eval 0,15] [%emt 0: 00:36] (Ke3) } 64...Rg3+
{ [%eval 78,21] [%emt 0:00:30] (Rg3) } 65.Kd4
{ [%eval 0,17] [%emt 0:00:36] (Kd4) } 65...Rg4 1/2-1/2

[Event "41st Amateur D7"]
[Site "ChessGUI4"]
[Date "2013.07.08"]
[Round "23.2"]
[White "ChessKiss 1.7 64-bit"]
[Black "Tigran 2.3 64-bit"]
[Result "1/2-1/2"]
[BlackElo "2289"]
[ECO "C42"]
[EventDate "2013.??.??"]
[TimeControl "40/1500:40/1500:40/1500"]
[WhiteElo "2214"]

{ i5 Quad } 1.e4 e5 2.Nf3 Nf6 3.Nxe5 d6 4.Nf3 Nxe4 5.Qe2 Qe7 6.d3 Nf6 7.Bg5 Qxe2+ 8.Bxe2 Be7 9.Nc3 Nc6 { [%eval -20,13] [%emt 0:00:42] (O-O) } 10.Nb5
{ [%eval 73,13] [%emt 0:00:41] (d4) } 10...Kd8
{ [%eval -13,13] [%emt 0:00:42] (Kd8) } 11.Bd2
{ [%eval 69,13] [%emt 0:00:37] (e1g1) } 11...a6
{ [%eval -3,14] [%emt 0:00:42] (Bd7) } 12.Nbd4
{ [%eval 82,14] [%emt 0:00:39] (Nbd4) } 12...Nxd4
{ [%eval -16,14] [%emt 0:00:42] (Nxd4) } 13.Nxd4
{ [%eval 69,15] [%emt 0:00:38] (Nxd4) } 13...c5
{ [%eval -21,13] [%emt 0:00:43] (Bg4) } 14.Ba5+
{ [%eval 90,14] [%emt 0:00:37] (Nb3) } 14...Ke8
{ [%eval -28,14] [%emt 0:00:43] (Ke8) } 15.Nb3
{ [%eval 101,14] [%emt 0:00:36] (Nb3) } 15...Be6
{ [%eval -24,14] [%emt 0:00: 34] (Be6) } 16.O-O
{ [%eval 92,14] [%emt 0:00:31] (e1g1) } 16...Rc8
{ [%eval -29,13] [%emt 0:00:43] (Kd7) } 17.Bf3
{ [%eval 116,12] [%emt 0:00:33] (Rae1) } 17...Bd5
{ [%eval -30,14] [%emt 0:00:43] (d5) } 18.Be2
{ [%eval 114,13] [%emt 0:00:33] (Bxd5) } 18...Be6
{ [%eval 0,15] [%emt 0:00:44] (Kf8) } 19.Bf3
{ [%eval 116,13] [%emt 0:00:32] (Rae1) } 19...Bd5
{ [%eval 0,17] [%emt 0:00:44] (d5) } 20.Nd2
{ [%eval 109,13] [%emt 0:00:31] (Bxd5) } 20...Bxf3
{ [%eval -31,15] [%emt 0:00:44] (Bxf3) } 21.Nxf3
{ [%eval 86,13] [%emt 0:00:30] (Nxf3) } 21...Kd7
{ [%eval -24,14] [%emt 0:00:41] (b6) } 22.Bd2
{ [%eval 85,12] [%emt 0:00:29] (Rfe1) } 22...c4
{ [%eval -5,14] [%emt 0:00:45] (Bd8) } 23.dxc4
{ [%eval 94,13] [%emt 0:00:28] (dxc4) } 23...Rxc4
{ [%eval -18,14] [%emt 0:00:45] (Rxc4) } 24.c3
{ [%eval 97,12] [%emt 0:00:28] (c3) } 24...Ng4
{ [%eval -14,14] [%emt 0:00:45] (Re8) } 25.Rad1
{ [%eval 86,12] [%emt 0:00:27] (Rad1) } 25...Bf6
{ [%eval -22,14] [%emt 0:00:45] (Bf6) } 26.Bg5
{ [%eval 69,12] [%emt 0:00:26] (Rfe1) } 26...Re8
{ [%eval -8,14] [%emt 0:00:46] (Re8) } 27.Bxf6
{ [%eval 77,13] [%emt 0:00:26] (Bxf6) } 27...Nxf6
{ [%eval 11,14] [%emt 0:00:46] (Nxf6) } 28.Nd4
{ [%eval 72, 13] [%emt 0:00:25] (Ng5) } 28...Rc5
{ [%eval 6,15] [%emt 0:00:46] (Kc7) } 29.Rd3
{ [%eval 70,12] [%emt 0:00:24] (Rfe1) } 29...Rg5
{ [%eval 10,12] [%emt 0:00:40] (Kc7) } 30.Rfd1
{ [%eval 61,12] [%emt 0:00:21] (Rfd1) } 30...Kc7
{ [%eval -2,12] [%emt 0:00: 48] (Kc7) } 31.a3
{ [%eval 57,11] [%emt 0:00:22] (Nf3) } 31...Rge5
{ [%eval 14,13] [%emt 0:00:48] (Ne4) } 32.h3
{ [%eval 17,13] [%emt 0:00:22] (h3) } 32...Re1+
{ [%eval 12,13] [%emt 0:00:47] (Re1) } 33.Rxe1
{ [%eval 7,14] [%emt 0:00:22] (Rxe1) } 33...Rxe1+
{ [%eval 0,15] [%emt 0:00:49] (Rxe1) } 34.Kh2
{ [%eval 1,1] [%emt 0:00:00] (Kh2) } 34...Ne4 35.Rf3 { [%eval 0,15] [%emt 0:00:19] (Rf3) } 35...f6
{ [%eval 0,15] [%emt 0:00:51] (f6) } 36.Ne6+
{ [%eval 0,15] [%emt 0:00: 19] (Ne6) } 36...Kc8
{ [%eval 0,16] [%emt 0:00:52] (Kc6) } 37.Nxg7
{ [%eval 0,15] [%emt 0:00:20] (Nxg7) } 37...Nd2
{ [%eval 0,17] [%emt 0:00:53] (Nd2) } 38.Rxf6
{ [%eval 0,19] [%emt 0:00:17] (Rxf6) } 38...Nf1+
{ [%eval 0,18] [%emt 0:00:55] (Nf1) } 39.Kg1
{ [%eval 0,20] [%emt 0:00:18] (Kh1) } 39...Nd2+
{ [%eval 0,19] [%emt 0:00:58] (Nd2) } 40.Kh2
{ [%eval 1,1] [%emt 0:00:00] (Kh2) } 40...Nf1+ 41.Kg1 { [%eval 0,23] [%emt 0:01:00] (Kh1) }
41...Nd2+ { [%eval 0,19] [%emt 0: 00:34] (Nd2) } 42.Kh2
{ [%eval 1,1] [%emt 0:00:00] (Kh2) } 1/2-1/2